 Dungeon Crawl Stone Soup version 0.31-a0-750-gfe7b580527 (webtiles) character file.

Game seed: 12981272406323081031

149 randomguy2701 the Chopper (level 5, -11/46 HPs)
             Began as a Hill Orc Fighter on Sept 15, 2023.
             Mangled by an ogre
             ... wielding a +0 giant club
              (16 damage)
             ... on level 4 of the Dungeon.
             The game lasted 00:02:21 (2509 turns).

randomguy2701 the Chopper (Hill Orc Fighter)        Turns: 2509, Time: 00:02:22

Health: -11/46     AC:  7    Str: 27    XL:     5   Next: 31%
Magic:  5/5        EV:  9    Int:  8    God:
Gold:   245        SH:  4    Dex: 10    Spells: 4/4 levels left

rFire   . . .        a - +0 war axe
rCold   . . .        c - +0 buckler
rNeg    . . .        b - +0 scale mail
rPois   +            (no helmet)
rElec   .            (no cloak)
rCorr   .            (no gloves)
SInv    .            (no boots)
Will    .....        (no amulet) Stlth
                     f - +6 ring of strength
HPRegen 0.27/turn    k - ring of poison resistance
MPRegen 0.09/turn

%: no passive effects
@: no status effects
A: no striking features
a: no special abilities


You were on level 4 of the Dungeon.
You visited 1 branch of the dungeon, and saw 4 of its levels.

You collected 245 gold pieces.

Inventory:

Hand Weapons
 a - a +0 war axe (weapon)
Armour
 b - a +0 scale mail (worn)
 c - a +0 buckler (worn)
Jewellery
 f - a +6 ring of strength (left hand)
 k - a ring of poison resistance (right hand)
Scrolls
 e - a scroll of enchant armour {unknown}
 g - 2 scrolls of identify {unknown}
 h - 2 scrolls of acquirement {unknown}
 i - 2 scrolls of vulnerability {unknown}
 j - a scroll of enchant weapon {unknown}
 p - a scroll of butterflies {unknown}
 q - a scroll of revelation {unknown}
 r - a scroll of fear {unknown}
Potions
 d - a potion of might
 l - a potion of lignification {unknown}
 m - a potion of curing {unknown}
 n - a potion of brilliance {unknown}
 o - a potion of ambrosia {unknown}


   Skills:
 + Level 4.2 Fighting
 + Level 5.0 Axes
 + Level 4.5 Armour
 + Level 0.3 Dodging
 + Level 3.6 Shields


You had 4 spell levels left.
You didn't know any spells.
Your spell library contained the following spells:

 Spells                   Type           Power      Damage    Failure   Level
 Sting                    Tmut/Pois      0%         1d3       73%         1
 Poisonous Vapours        Pois/Air       0%         N/A       86%         2
 Tukima's Dance           Hex            0%         N/A       97%         3
 Olgreb's Toxic Radiance  Pois           0%         N/A       100%        4
 Passage of Golubria      Tloc           0%         N/A       100%        4
 Yara's Violent Unravell  Hex/Tmut       0%         3d3       100%        5


Dungeon Overview and Level Annotations

Branches:
Dungeon (4/15)
 Temple: D:4-7

Altars:


Message History

The ufetubus hits you but does no damage.
The ufetubus completely misses you.
The ufetubus hits you but does no damage.
You miss the ufetubus. You block the ufetubus's attack.
The ufetubus barely misses you.
You hit the shadow imp.
The shadow imp is severely wounded.
The shadow imp closely misses you.
You closely miss the shadow imp.
The shadow imp is severely wounded.
The shadow imp completely misses you.
You slash the shadow imp!
You kill the shadow imp!
The ufetubus hits you but does no damage.
The ufetubus hits you.
Your Axes skill increases to level 5!
You closely miss the ufetubus. You block the ufetubus's attack.
The ufetubus hits you but does no damage.
You slash the ogre!
The ogre is heavily wounded.
The ogre hits you with a +0 giant club!!
Ouch! That really hurt!
* * * LOW HITPOINT WARNING * * *
You barely miss the ogre.
The ogre is heavily wounded.
You slash the ogre!
The ogre is severely wounded.
The ogre hits you with a +0 giant club.
* * * LOW HITPOINT WARNING * * *
You hit the ogre.
The ogre is severely wounded.
The ogre closely misses you.
You barely miss the ogre.
The ogre is severely wounded.
The ogre hits you with a +0 giant club.
* * * LOW HITPOINT WARNING * * *
You hit the ogre.
The ogre is almost dead.
The ogre hits you with a +0 giant club!
You die...

.. #....♣. ..#
#######..♣. ..#####
#.).....P.. . ......###
#.......... .>. #..#...#
#..........
....##.###.####..........
.........................
.....###.######..........
.......#@....##..........
.......O####.#######.....
....#....O.............##
. ###..)...............
#....#..<..........
#P≈§....P.....###..
.P≈≈...≈≈P....# #..
#..§§..P≈≈P....# #..
######..P......# ###


You could see an ogre.

Vanquished Creatures
  Jessica (D:2)
  A gnoll (D:1)
  2 adders
  2 shadow imps (D:4)
  A white imp (D:4)
  An ufetubus (D:4)
  A worm (D:2)
  A dart slug (D:1)
  2 orcs (D:4)
  A ball python (D:3)
  4 bats
  5 endoplasms
  3 giant cockroaches
  7 hobgoblins
  A quokka (D:2)
  4 frilled lizards
  10 goblins
  6 kobolds
  9 rats
62 creatures vanquished.

Notes
Turn   | Place    | Note
-------+----------+-------------------------------------------
     0 | D:1      | randomguy2701 the Hill Orc Fighter began the quest for the
                  | Orb.
     0 | D:1      | Reached XP level 1. HP: 19/19 MP: 1/1
    30 | D:1      | Reached XP level 2. HP: 9/27 MP: 2/2
   244 | D:1      | Reached skill level 3 in Axes
   654 | D:1      | Reached XP level 3. HP: 33/33 MP: 3/3
   746 | D:2      | Noticed Jessica
   751 | D:2      | Killed Jessica
   797 | D:2      | Reached XP level 4. HP: 36/40 MP: 4/4
   873 | D:2      | Reached skill level 4 in Axes
  2193 | D:3      | Reached XP level 5. HP: 46/46 MP: 5/5
  2486 | D:4      | Noticed an ogre
  2503 | D:4      | Reached skill level 5 in Axes
  2509 | D:4      | Mangled by an ogre

Illustrated notes

Levels and vault maps discovered:
D:1:      scummos_arrival_star, layout_loops_ring
D:2:      layout_rooms, uniq_jessica
D:3:      layout_basic
D:4:      layout_rooms, serial_demonic, serial_demonic_g, serial_demonic_a,
          serial_demonic_c, serial_demonic_d, serial_demonic_b,
          serial_demonic_c, serial_demonic_g, serial_demonic_g, uniq_natasha,
          uniq_crazy_yiuf_cottage

Skill      XL: |  1  2  3  4  5 |
---------------+----------------+-----
Axes           | 3 4 5 |  5.0
Fighting       | 4 |  4.2
Armour         | 4 |  4.5
Dodging        | |  0.3
Shields        | |  3.6

Action                     |  1- 3 |  4- 6 || total
---------------------------+-------+-------++-------
  Melee: War axe           |    67 |   116 ||   183
 Armour: Scale mail        |    53 |   100 ||   153
  Dodge: Dodged            |    34 |    48 ||    82
  Block: Buckler           |    11 |    23 ||    34

Table legend: (Time is in decaauts)
 A = Elapsed time spent in this place.
 B = Non-inter-level travel time spent in this place.
 C = Inter-level travel time spent in this place.
 D = Time resting spent in this place.
 E = Time spent auto-exploring this place.
 F = Levels seen in this place.
 G = Mean time per level.
                   A        B        C        D        E       F      G
               +--------+--------+--------+--------+--------+-----+--------+
         Total |   2567 |   2477 |     90 |      0 |   2016 |   4 |  641.8 |
       Dungeon |   2567 |   2477 |     90 |      0 |   2016 |   4 |  641.8 |
               +--------+--------+--------+--------+--------+-----+--------+

Top non-repeatable levels by time:
     D:3: 1000 daAuts
     D:1: 765 daAuts
     D:2: 670 daAuts
     D:4: 130 daAuts
